3AAA
AUGUSTA TIMBER HAWKS @ HIALEAH DODOS
07/31/2019
 
TOP OF THE 1ST
Augusta Timber Hawks batting - Pitching for Hialeah Dodos : RHP Jesús Espinoza
Pitching: RHP Jesús Espinoza
Batting: RHB Billy Strauss 0-0: Ball
1-0: Swinging Strike
1-1: Ball
2-1: Swinging Strike
2-2: Ball
3-2: Foul Ball, location: 2F
3-2: Strikes out looking
Batting: RHB Tom Strickland 0-0: Ball
1-0: Called Strike
1-1: Ball
2-1: Foul Ball, location: 2F
2-2: Foul Ball, location: 2F
2-2: Ground out 4-3 (Groundball, 4)
Batting: SHB Lawrence Franklin 0-0: Called Strike
0-1: Ball
1-1: Ball
2-1: Fly out, F6 (Popup, 5DF)
Top of the 1st over - 0 run(s), 0 hit(s), 0 error(s), 0 left on base; Augusta 0 - Hialeah 0
BOTTOM OF THE 1ST
Hialeah Dodos batting - Pitching for Augusta Timber Hawks : RHP Gregory Gary
Pitching: RHP Gregory Gary
Batting: RHB Ramón Gómez 0-0: Called Strike
0-1: Fly out, F8 (Flyball, 78D)
Batting: RHB Peter Baker 0-0: Foul Ball, location: 2F
0-1: Swinging Strike
0-2: Strikes out swinging
Batting: RHB Alvin Rogers 0-0: Called Strike
0-1: Ball
1-1: Foul Ball, location: 2F
1-2: DOUBLE (Line Drive, 89D)
Batting: RHB Joe Guy 0-0: Called Strike
0-1: Ground out 5-3 (Groundball, 5)
Bottom of the 1st over - 0 run(s), 1 hit(s), 0 error(s), 1 left on base; Augusta 0 - Hialeah 0
TOP OF THE 2ND
Augusta Timber Hawks batting - Pitching for Hialeah Dodos : RHP Jesús Espinoza
Batting: RHB Phil Hayes 0-0: Ball
1-0: Called Strike
1-1: Swinging Strike
1-2: Ball
2-2: Strikes out swinging
Batting: RHB Juan Banda 0-0: Called Strike
0-1: SINGLE (Flyball, 4MD)
Batting: SHB José Salazar 0-0: Ball
1-0: Ball
2-0: Called Strike
Throwing error on steal attempt, E2
Juan Banda to third
2-1: Ground out 4-3 (Groundball, 4)
Juan Banda scores
Batting: LHB Tomás Guillén 0-0: Called Strike
0-1: Ball
1-1: Ground out 3-1 (Groundball, 34S)
Top of the 2nd over - 1 run(s), 1 hit(s), 1 error(s), 0 left on base; Augusta 1 - Hialeah 0
BOTTOM OF THE 2ND
Hialeah Dodos batting - Pitching for Augusta Timber Hawks : RHP Gregory Gary
Batting: RHB Ji-chol Yang 0-0: DOUBLE (Line Drive, 8LD)
Batting: LHB Bill Griffin 0-0: Called Strike
0-1: Called Strike
0-2: Ball
1-2: Ball
2-2: Strikes out swinging
Batting: RHB Kelly Flint 0-0: Called Strike
0-1: Called Strike
0-2: Ball
1-2: Foul Ball, location: 2F
1-2: Ground out U3 (Groundball, 3L)
Ji-chol Yang to third
Batting: LHB Jeremiah Spencer 0-0: Ground out 4-3 (Groundball, 4)
Bottom of the 2nd over - 0 run(s), 1 hit(s), 0 error(s), 1 left on base; Augusta 1 - Hialeah 0
TOP OF THE 3RD
Augusta Timber Hawks batting - Pitching for Hialeah Dodos : RHP Jesús Espinoza
Batting: RHB Quinn Johnson 0-0: Ball
1-0: Foul Ball, location: 2F
1-1: Ground out 4-3 (Groundball, 4M)
Batting: LHB Eugene Lawrence 0-0: SINGLE (Line Drive, 9S)
Batting: RHB Billy Strauss 0-0: Ball
1-0: Called Strike
1-1: Ball
2-1: Foul Ball, location: 2F
2-2: Fly out, F8 (Flyball, 8LD)
Batting: RHB Tom Strickland 0-0: Ball
1-0: Foul Ball, location: 2F
1-1: Foul Ball, location: 2F
1-2: Ball
2-2: Foul Ball, location: 2F
2-2: Fly out, F9 (Flyball, 89D)
Top of the 3rd over - 0 run(s), 1 hit(s), 0 error(s), 1 left on base; Augusta 1 - Hialeah 0
BOTTOM OF THE 3RD
Hialeah Dodos batting - Pitching for Augusta Timber Hawks : RHP Gregory Gary
Batting: SHB Mark Kennedy 0-0: Fly out, F6 (Popup, 4M)
Batting: RHB Ramón Gómez 0-0: Called Strike
0-1: Ball
1-1: Called Strike
1-2: Ball
2-2: Fly out, F9 (Flyball, 89S)
Batting: RHB Peter Baker 0-0: Swinging Strike
0-1: Called Strike
0-2: Foul Ball, location: 2F
0-2: Fly out, F7 (Line Drive, 7S)
Bottom of the 3rd over - 0 run(s), 0 hit(s), 0 error(s), 0 left on base; Augusta 1 - Hialeah 0
TOP OF THE 4TH
Augusta Timber Hawks batting - Pitching for Hialeah Dodos : RHP Jesús Espinoza
Batting: SHB Lawrence Franklin 0-0: Called Strike
0-1: Ball
1-1: Called Strike
1-2: Ball
2-2: Fly out, F8 (Flyball, 8LS)
Batting: RHB Phil Hayes 0-0: Ball
1-0: Ball
2-0: Called Strike
2-1: Fly out, F8 (Flyball, 8RM)
Batting: RHB Juan Banda 0-0: Ball
1-0: Ball
2-0: Ball
3-0: Base on Balls
Batting: SHB José Salazar 0-0: Called Strike
0-1: SINGLE (Line Drive, 34D)
Juan Banda to second
Batting: LHB Tomás Guillén 0-0: Fly out, F7 (Flyball, 78D)
Top of the 4th over - 0 run(s), 1 hit(s), 0 error(s), 2 left on base; Augusta 1 - Hialeah 0
BOTTOM OF THE 4TH
Hialeah Dodos batting - Pitching for Augusta Timber Hawks : RHP Gregory Gary
Batting: RHB Alvin Rogers 0-0: Ball
1-0: Swinging Strike
1-1: Foul Ball, location: 2F
1-2: Strikes out looking
Batting: RHB Joe Guy 0-0: Called Strike
0-1: Ball
1-1: Called Strike
1-2: Ball
2-2: Foul Ball, location: 2F
2-2: Foul Ball, location: 2F
2-2: Ball
3-2: Strikes out swinging
Batting: RHB Ji-chol Yang 0-0: Swinging Strike
0-1: Foul Ball, location: 2F
0-2: Ball
1-2: Ball
2-2: Foul Ball, location: 2F
2-2: Strikes out swinging
Bottom of the 4th over - 0 run(s), 0 hit(s), 0 error(s), 0 left on base; Augusta 1 - Hialeah 0
TOP OF THE 5TH
Augusta Timber Hawks batting - Pitching for Hialeah Dodos : RHP Jesús Espinoza
Batting: RHB Quinn Johnson 0-0: Ball
1-0: Foul Ball, location: 2F
1-1: SINGLE (Groundball, 56)
Batting: LHB Eugene Lawrence 0-0: Ball
1-0: Bunted foul
1-1: Bunted foul
1-2: Foul Ball, location: 2F
1-2: Ball
2-2: Ball
3-2: DOUBLE (Groundball, 5)
Quinn Johnson to third
Runner from 3rd tries for Home, SAFE, throw made at trailing runner, SAFE at third!
Batting: RHB Billy Strauss 0-0: Ball
1-0: Swinging Strike
1-1: Fly out, F4 (Line Drive, 4)
Batting: RHB Tom Strickland 0-0: Foul Ball, location: 2F
0-1: Ball
1-1: Foul Ball, location: 2F
1-2: Strikes out swinging
Batting: SHB Lawrence Franklin 0-0: Foul Ball, location: 2F
0-1: Ball
1-1: Called Strike
1-2: Strikes out swinging
Top of the 5th over - 1 run(s), 2 hit(s), 0 error(s), 1 left on base; Augusta 2 - Hialeah 0
BOTTOM OF THE 5TH
Hialeah Dodos batting - Pitching for Augusta Timber Hawks : RHP Gregory Gary
Batting: LHB Bill Griffin 0-0: Ball
1-0: Foul Ball, location: 2F
1-1: Foul Ball, location: 2F
1-2: SINGLE (Line Drive, 9LS)
Batting: RHB Kelly Flint 0-0: Ball
1-0: Grounds into double play, 6-4-3 (Groundball, 6M)
Batting: LHB Jeremiah Spencer 0-0: Foul Ball, location: 2F
0-1: Called Strike
0-2: Strikes out looking
Bottom of the 5th over - 0 run(s), 1 hit(s), 0 error(s), 0 left on base; Augusta 2 - Hialeah 0
TOP OF THE 6TH
Augusta Timber Hawks batting - Pitching for Hialeah Dodos : RHP Jesús Espinoza
Batting: RHB Phil Hayes 0-0: Swinging Strike
0-1: Ball
1-1: Ball
2-1: Ball
3-1: Base on Balls
Batting: RHB Juan Banda 0-0: Ball
1-0: Foul Ball, location: 2F
1-1: Called Strike
1-2: Ball
2-2: Ball
3-2: Foul Ball, location: 2F
3-2: Foul Ball, location: 2F
3-2: Base on Balls
Phil Hayes to second
Batting: SHB José Salazar 0-0: SINGLE (Line Drive, 6D)
Phil Hayes to third
Juan Banda to second
Batting: LHB Tomás Guillén 0-0: Called Strike
0-1: Foul Ball, location: 2F
0-2: Ball
1-2: Foul Ball, location: 2F
1-2: Ball
2-2: Fly out, F8 (Flyball, 8LM)
Runner from 3rd tags up, OUT at HOME
Juan Banda to third
José Salazar to second
Pitching: LHP Ben Flowers
Batting: RHB Quinn Johnson 0-0: Foul Ball, location: 2F
0-1: Called Strike
0-2: Ball
1-2: Ball
2-2: SINGLE (Line Drive, 78M)
Juan Banda scores
José Salazar to third
Runner from 3rd tries for Home, throw and OUT!
Top of the 6th over - 1 run(s), 2 hit(s), 0 error(s), 1 left on base; Augusta 3 - Hialeah 0
BOTTOM OF THE 6TH
Hialeah Dodos batting - Pitching for Augusta Timber Hawks : RHP Gregory Gary
Batting: SHB Mark Kennedy 0-0: Ball
1-0: Fly out, F6 (Popup, 6M)
Batting: RHB Ramón Gómez 0-0: Fly out, F3 (Popup, 3DF)
Batting: RHB Peter Baker 0-0: Ball
1-0: SINGLE (Line Drive, 6D)
Batting: RHB Alvin Rogers 0-0: Called Strike
0-1: Ball
1-1: Foul Ball, location: 2F
1-2: DOUBLE (Flyball, 78M)
Peter Baker to third
Batting: RHB Joe Guy 0-0: Ball
1-0: Ball
2-0: Called Strike
2-1: DOUBLE (Flyball, 78D)
Peter Baker scores
Alvin Rogers scores
Batting: RHB Ji-chol Yang 0-0: Foul Ball, location: 2F
0-1: Fly out, F3 (Popup, 13)
Bottom of the 6th over - 2 run(s), 3 hit(s), 0 error(s), 1 left on base; Augusta 3 - Hialeah 2
TOP OF THE 7TH
Augusta Timber Hawks batting - Pitching for Hialeah Dodos : LHP Ben Flowers
Pitching: RHP Brent Riley
Batting: LHB Eugene Lawrence 0-0: Ball
1-0: Foul Ball, location: 2F
1-1: Ball
2-1: Foul Ball, location: 2F
2-2: Strikes out looking
Batting: RHB Billy Strauss 0-0: Ground out 6-3 (Groundball, 6)
Batting: RHB Tom Strickland 0-0: Ball
1-0: Called Strike
1-1: Fly out, F8 (Flyball, 8RXD)
Top of the 7th over - 0 run(s), 0 hit(s), 0 error(s), 0 left on base; Augusta 3 - Hialeah 2
BOTTOM OF THE 7TH
Hialeah Dodos batting - Pitching for Augusta Timber Hawks : RHP Gregory Gary
Batting: LHB Bill Griffin 0-0: Ground out 4-3 (Groundball, 4)
Batting: RHB Kelly Flint 0-0: Called Strike
0-1: Ball
1-1: Ground out U3 (Groundball, 3S)
Batting: LHB Jeremiah Spencer 0-0: Swinging Strike
0-1: Ball
1-1: Swinging Strike
1-2: Strikes out swinging
Bottom of the 7th over - 0 run(s), 0 hit(s), 0 error(s), 0 left on base; Augusta 3 - Hialeah 2
TOP OF THE 8TH
Augusta Timber Hawks batting - Pitching for Hialeah Dodos : RHP Brent Riley
Batting: SHB Lawrence Franklin 0-0: Fly out, F7 (Flyball, 7S)
Batting: RHB Phil Hayes 0-0: Swinging Strike
0-1: Foul Ball, location: 2F
0-2: Strikes out swinging
Batting: RHB Juan Banda 0-0: DOUBLE (Flyball, 9LS)
Batting: SHB José Salazar 0-0: Ball
1-0: Ball
2-0: Ball
3-0: Base on Balls
Batting: LHB Tomás Guillén 0-0: Ball
1-0: Fly out, F8 (Flyball, 8LM)
Top of the 8th over - 0 run(s), 1 hit(s), 0 error(s), 2 left on base; Augusta 3 - Hialeah 2
BOTTOM OF THE 8TH
Hialeah Dodos batting - Pitching for Augusta Timber Hawks : RHP Gregory Gary
Batting: SHB Mark Kennedy 0-0: Called Strike
0-1: Ball
1-1: Ground out 4-3 (Groundball, 13)
Batting: RHB Ramón Gómez 0-0: Ball
1-0: Ball
2-0: Ball
3-0: Base on Balls
Pinch Hitting: SHB Daryl Moore 0-0: Ball
1-0: SINGLE (Groundball, 34D)
Ramón Gómez to second
Runner from 2nd tries for 3rd, SAFE, no throw or cutoff
Batting: RHB Alvin Rogers 0-0: Ball
1-0: Fly out, F8 (Flyball, 8RM)
Runner from 3rd tags up, SCORES, no throw
Batting: RHB Joe Guy 0-0: Ball
1-0: Fly out, F8 (Flyball, 8RD)
Bottom of the 8th over - 1 run(s), 1 hit(s), 0 error(s), 1 left on base; Augusta 3 - Hialeah 3
TOP OF THE 9TH
Augusta Timber Hawks batting - Pitching for Hialeah Dodos : RHP Brent Riley
Now at 2B: Herman Cook
Pinch Hitting: LHB Bob Hensley 0-0: Ball
1-0: Foul Ball, location: 2F
1-1: Ball
2-1: Ground out 4-3 (Groundball, 34)
Batting: LHB Eugene Lawrence 0-0: Called Strike
0-1: Ball
1-1: Foul Ball, location: 2F
1-2: Fly out, F7 (Popup, 8LS)
Pinch Hitting: RHB Rob Young 0-0: Ball
1-0: Ball
2-0: SOLO HOME RUN (Flyball, 78XD), Distance : 431 ft
Batting: RHB Tom Strickland 0-0: Ball
1-0: Called Strike
1-1: SINGLE (Groundball, 34S)
Batting: SHB Lawrence Franklin 0-0: Ball
1-0: Ball
2-0: Foul Ball, location: 2F
2-1: Ball
3-1: SINGLE (Line Drive, 78S)
Tom Strickland to second
Batting: RHB Phil Hayes 0-0: Swinging Strike
0-1: Swinging Strike
0-2: Foul Ball, location: 2F
0-2: Strikes out swinging
Top of the 9th over - 1 run(s), 3 hit(s), 0 error(s), 2 left on base; Augusta 4 - Hialeah 3
BOTTOM OF THE 9TH
Hialeah Dodos batting - Pitching for Augusta Timber Hawks : RHP Gregory Gary
Pitching: RHP César Galló
Now at 1B: Bob Hensley
Now in CF: Rob Young
Pinch Hitting: RHB Joe Andrews 0-0: Fly out, F9 (Line Drive, 89M)
Batting: LHB Bill Griffin 0-0: Ball
1-0: Called Strike
1-1: Called Strike
1-2: Foul Ball, location: 2F
1-2: SINGLE (Line Drive, 34)
Batting: RHB Kelly Flint 0-0: Ball
1-0: Called Strike
1-1: Ball
2-1: SINGLE (Groundball, 56)
Bill Griffin to second
Batting: LHB Jeremiah Spencer 0-0: Swinging Strike
0-1: Ball
1-1: Called Strike
1-2: Foul Ball, location: 2F
1-2: Ground out 5-3 (Groundball, 5)
Bill Griffin to third
Kelly Flint to second
Pinch Hitting: RHB José Bravo 0-0: Ball
1-0: Ball
2-0: Called Strike
2-1: Ball
3-1: Base on Balls
Pinch Hitting: LHB Jorge Montoya 0-0: Ball
1-0: Ball
2-0: Ball
3-0: Called Strike
3-1: Foul Ball, location: 2F
3-2: SINGLE (Groundball, 34D)
Bill Griffin scores
Kelly Flint to third
José Bravo to second
Kelly Flint scores
This league is powered by Out of the Park Baseball, the baseball management simulation game for PC, Mac and Linux
Saturday, July 25th, 2015 - OOTP Baseball 15.6 Build 34